 Dungeon Crawl Stone Soup version 0.19.1-1-g22dce08 (webtiles) character file.

5686 McKennaii the Zephyrmancer (level 10, -3/61 HPs)
             Began as a High Elf Air Elementalist on Jan 7, 2017.
             Was a Believer of Sif Muna.
             Killed from afar by a gargoyle (20 damage)
             ... with a stone arrow
             ... on level 10 of the Dungeon.
             The game lasted 01:09:59 (9561 turns).

McKennaii the Zephyrmancer (HEAE)                   Turns: 9561, Time: 01:09:59

Health: -3/61      AC:  6    Str:  7    XL:     10   Next: 47%
Magic:  5/25       EV: 14    Int: 21    God:    Sif Muna [**....]
Gold:   521        SH:  0    Dex: 18    Spells: 5 memorised, 16 levels left

rFire  . . .     SeeInvis .     z - +0 whip (flame)
rCold  . . .     Gourm    .     I - +2 robe {Archmagi}
rNeg   . . .     Faith    .     (no shield)
rPois  +         Spirit   .     (no helmet)
rElec  .         Reflect  .     d - +0 cloak
rCorr  .         Harm     .     o - +0 pair of gloves
MR     +++..                    (no boots)
Stlth  +++.......               e - amulet of magic regeneration
                                x - ring "Mic Ucuu" {rPois MR+}
                                A - ring of protection from magic

@: very slightly contaminated, repel missiles
A: no striking features
a: Divine Energy, Renounce Religion


You were on level 10 of the Dungeon.
You worshipped Sif Muna.
Sif Muna was pleased with you.
You were not hungry.

You visited 2 branches of the dungeon, and saw 11 of its levels.

You collected 559 gold pieces.
You spent 38 gold pieces at shops.

Inventory:

Hand Weapons
 z - a +0 whip of flaming (weapon)
Armour
 d - a +0 cloak (worn)
 o - a +0 pair of gloves (worn)
 B - a +2 robe of cold resistance
 I - a +2 robe of the Archmagi (worn)
Jewellery
 e - an amulet of magic regeneration (around neck)
 x - the ring "Mic Ucuu" (right hand) {rPois MR+}
   (You found it on level 5 of the Dungeon)

   [ring of poison resistance]

   It protects you from poison.
   It affects your resistance to hostile enchantments.
 A - a ring of protection from magic (left hand)
Wands
 q - a wand of acid (6/15)
 C - a wand of acid (4/15)
 D - a wand of hasting (5/9)
 J - a wand of confusion (27/48)
 L - a wand of slowing (28/48)
 M - a wand of enslavement (13/24)
Scrolls
 h - 5 scrolls of remove curse
 j - 15 scrolls of identify
 n - 3 scrolls of recharging {unknown}
 p - 3 scrolls of amnesia {unknown}
 r - 3 scrolls of fear {unknown}
 s - 3 scrolls of blinking {unknown}
 t - 2 scrolls of noise {unknown}
 v - 3 scrolls of enchant weapon {unknown}
 w - a scroll of fog {unknown}
 y - a scroll of immolation {unknown}
 G - a scroll of torment {unknown}
 K - 2 scrolls of magic mapping {unknown}
Potions
 a - 4 potions of might
 f - a potion of brilliance {unknown}
 l - 3 potions of lignification {unknown}
 m - 3 potions of heal wounds {unknown}
 u - 2 potions of haste {unknown}
 H - a potion of curing
Books
 b - a book of Air

   Spells                             Type                      Level
   a - Shock                          Conjuration/Air              1
   b - Swiftness                      Charms/Air                   2
   c - Repel Missiles                 Charms/Air                   2
   d - Static Discharge               Conjuration/Air              3
   e - Lightning Bolt                 Conjuration/Air              5
Comestibles
 c - 3 bread rations
 g - a meat ration
 k - 7 fruits


   Skills:
 + Level 2.3 Fighting
 - Level 0.2 Maces & Flails
 - Level 1.1 Armour
 + Level 3.8 Dodging
 + Level 3.9 Stealth
 + Level 10.4 Spellcasting
 + Level 8.4 Conjurations
 - Level 1.0 Charms
 + Level 10.7 Air Magic
 - Level 1.0 Evocations


You had 16 spell levels left.
You knew the following spells:

 Your Spells              Type           Power        Failure   Level  Hunger
a - Shock                 Conj/Air       ####         1%          1    None
b - Repel Missiles        Chrm/Air       ######       1%          2    None
c - Swiftness             Chrm/Air       ######..     1%          2    None
d - Static Discharge      Conj/Air       ######..     1%          3    None
e - Lightning Bolt        Conj/Air       ######....   3%          5    ####...


Dungeon Overview and Level Annotations

Branches:
Dungeon (10/15)            Temple (1/1) D:7            Lair (0/6) D:10
    Orc (0/2) D:9

Altars:
Ashenzari
Cheibriados
Dithmenos
Elyvilon
Fedhas
Gozag
Hepliaklqana
Kikubaaqudgha
Makhleb
Nemelex Xobeh
Okawaru
Qazlal
Ru
Sif Muna
Trog
Uskayaw
Vehumet
Xom
Yredelemnul
Zin
The Shining One

Shops:
D:4 [   D:5 !   D:10 !


Message History

The adder closely misses you.
You barely miss the adder. The adder bites you but does no damage.
You hit the adder but do no damage. The adder misses you.
The gargoyle barely misses you. The adder bites you but does no damage.
You hit the adder. You burn the adder.
The adder is heavily wounded.
The adder bites you.
* * * LOW HITPOINT WARNING * * *
The gargoyle closely misses you.
You closely miss the adder.
The adder is heavily wounded.
The adder bites you but does no damage.
The gargoyle hurls a stone arrow at you.
The stone arrow is repelled.
The stone arrow hits the adder.
The adder dies!
You see here an adder corpse.
There is a stone staircase leading down here.
The gargoyle hurls a stone arrow at you.
The stone arrow hits you!
You die...

##################
.............59..#
##.######.######@#######
##.# #.# #..(....# ...#
#9# #######.# ####
#5####### .# #........
.# #..###### .. #.[# .#
# #).# .. .Z ##ยง.#####
##


You could see a gargoyle and a crimson imp.

Vanquished Creatures
  The ghost of senny the Grappler, a novice TrBe of Trog (D:10)
  Pikel (D:7)
  The ghost of monokles the Slasher, a novice DsMo (D:6)
  Psyche (D:10)
  2 wraiths (D:10)
  2 hungry ghosts (D:8)
  2 ice beasts (D:9)
  2 sky beasts (D:8)
  3 slaves
  A black bear (D:8)
  3 orc warriors
  2 ogres
  A phantom (D:5)
  An eye of draining (D:5)
  A centaur (D:7)
  4 bullfrogs
  4 scorpions
  10 wights
  3 howler monkeys
  5 crimson imps
  3 quasits
  A bullfrog skeleton (D:6)
  3 jellies
  A bullfrog zombie (D:6)
  3 hounds
  Crazy Yiuf (D:2)
  2 iguanas
  3 orc wizards
  7 worker ants
  2 hound skeletons
  A worker ant zombie (D:10)
  Robin (D:2)
  8 adders
  8 gnolls
  2 shadow imps
  An ooze (D:1)
  2 adder zombies
  2 dart slugs
  4 leopard geckos
  16 orcs
  8 giant cockroaches
  11 hobgoblins
  11 jackals
  8 kobolds
  6 quokkas
  2 ball pythons
  7 bats
  6 frilled lizards
  9 goblins
  A leopard gecko skeleton (D:8)
  3 quokka skeletons
  8 rats
  A plant (D:2)
202 creatures vanquished.

Vanquished Creatures (others)
  A slave (D:8)
  An adder (D:10)
2 creatures vanquished.

Grand Total: 204 creatures vanquished

Notes
Turn   | Place    | Note
-------+----------+-------------------------------------------
     0 | D:1      | McKennaii the High Elf Air Elementalist began the quest for the Orb.
     0 | D:1      | Reached XP level 1. HP: 11/11 MP: 4/4
    48 | D:1      | Reached XP level 2. HP: 6/17 MP: 0/6
    52 | D:1      | Learned a level 2 spell: Repel Missiles
    55 | D:1      | Learned a level 2 spell: Swiftness
   197 | D:1      | Reached XP level 3. HP: 5/21 MP: 0/8
   755 | D:2      | Noticed Robin
   768 | D:2      | Killed Robin
   848 | D:2      | Reached XP level 4. HP: 20/27 MP: 2/10
  1094 | D:2      | Found a runed door.
  1105 | D:2      | Noticed Crazy Yiuf
  1125 | D:2      | Killed Crazy Yiuf
  1383 | D:3      | Found a faded altar of an unknown god.
  1441 | D:3      | Reached skill level 5 in Air Magic
  1441 | D:3      | Reached XP level 5. HP: 31/31 MP: 7/11
  2114 | D:4      | Found a snail-covered altar of Cheibriados.
  2190 | D:4      | Reached XP level 6. HP: 36/36 MP: 6/14
  2246 | D:4      | Found Gyipibla's Armour Shoppe.
  2267 | D:4      | Reached skill level 5 in Spellcasting
  2380 | D:5      | Entered Level 5 of the Dungeon
  2386 | D:5      | Found a sacrificial altar of Ru.
  2439 | D:5      | Reached XP level 7. HP: 41/41 MP: 5/16
  2752 | D:5      | Got a transparent silver ring
  2764 | D:5      | Found Depipus's Distillery.
  2779 | D:5      | Bought a potion of mutation for 27 gold pieces
  2779 | D:5      | Bought a potion of degeneration for 11 gold pieces
  3006 | D:6      | Noticed monokles's ghost (novice DsMo)
  3364 | D:6      | Reached XP level 8. HP: 46/46 MP: 15/19
  3380 | D:6      | Found a shimmering altar of Xom.
  3576 | D:6      | Learned a level 3 spell: Static Discharge
  3582 | D:6      | Learned a level 5 spell: Lightning Bolt
  3616 | D:6      | Identified the ring "Mic Ucuu" {rPois MR+} (You found it on level 5 of the Dungeon)
  3643 | D:6      | Reached skill level 5 in Conjurations
  4369 | D:7      | Found a staircase to the Ecumenical Temple.
  4374 | Temple   | Entered the Ecumenical Temple
  4417 | Temple   | Became a worshipper of Sif Muna the Loreminder
  5022 | D:8      | Got a smoking scale mail
  5033 | D:8      | Identified the +0 scale mail "Onavieq" {+Blink rF+} (You found it on level 8 of the Dungeon)
  5504 | D:8      | Noticed Pikel
  5730 | D:7      | Killed Pikel
  5730 | D:7      | Reached * piety under Sif Muna
  5730 | D:7      | Reached skill level 1 in Armour
  5730 | D:7      | Reached XP level 9. HP: 27/52 MP: 6/22
  6657 | D:6      | Killed monokles's ghost
  6657 | D:6      | Reached skill level 1 in Fighting
  7203 | D:8      | Reached skill level 1 in Charms
  7829 | D:9      | Reached ** piety under Sif Muna
  7838 | D:9      | Found a staircase to the Orcish Mines.
  7862 | D:9      | Reached skill level 1 in Evocations
  8080 | D:9      | Reached XP level 10. HP: 60/60 MP: 20/24
  8145 | D:9      | Found a stormy altar of Qazlal.
  8156 | D:9      | Reached skill level 10 in Air Magic
  8705 | D:9      | Found an iron altar of Okawaru.
  8884 | D:9      | Found a snail-covered altar of Cheibriados.
  8896 | D:10     | Entered Level 10 of the Dungeon
  9042 | D:10     | Noticed senny's ghost (novice TrBe)
  9055 | D:10     | Killed senny's ghost
  9055 | D:10     | Reached skill level 10 in Spellcasting
  9082 | D:10     | Found a staircase to the Lair.
  9197 | D:10     | Found Dikhlyhie's Distillery.
  9308 | D:10     | Noticed Psyche
  9309 | D:10     | Killed Psyche
  9524 | D:10     | Noticed a gargoyle
  9561 | D:10     | Killed from afar by a gargoyle

Skill      XL: |  1  2  3  4  5  6  7  8  9 10 |
---------------+-------------------------------+-----
Air Magic      | 4 5 6 8 9 10 | 10.7
Spellcasting   | 3 4 5 6 8 9 10 | 10.4
Conjurations   | 2 3 4 6 7 8 |  8.4
Stealth        | 3 |  3.9
Dodging        | 3 |  3.8
Armour         | 1 |  1.1
Fighting       | 2 |  2.3
Charms         | 1 |  1.0
Evocations     | 1 |  1.0
Maces & Flails | |  0.2

Action                   |  1- 3 |  4- 6 |  7- 9 | 10-12 || total
-------------------------+-------+-------+-------+-------++-------
Melee: Unarmed           |    14 |     8 |     4 |       ||    26
       Whip              |       |       |    34 |     4 ||    38
 Cast: Shock             |    95 |   163 |   317 |    80 ||   655
       Repel Missiles    |       |       |     2 |       ||     2
       Lightning Bolt    |       |       |    11 |    12 ||    23
       Swiftness         |       |       |     3 |       ||     3
Evoke: Wand              |       |       |     3 |       ||     3
  Use: Scroll            |       |       |     5 |     2 ||     7
  Eat: Meat ration       |       |     1 |     2 |     1 ||     4
       Beef jerky        |       |     1 |     2 |       ||     3
       Fruit             |       |       |     7 |     3 ||    10
       Bread ration      |       |       |     1 |       ||     1
Armor: Robe              |    12 |     6 |    42 |    11 ||    71
       Scale mail        |       |       |     4 |       ||     4
Dodge: Dodged            |    36 |    18 |   108 |    26 ||   188
       Deflected         |       |       |     2 |     3 ||     5
